 Dungeon Crawl Stone Soup version 0.31-a0-875-g02e7d12df6 (webtiles) character file.

Game seed: 18398465845782959701

4186 Dirtsage the Grappler (level 10, -6/69 HPs)
             Began as an Octopode Shapeshifter on Oct 12, 2023.
             Was an Initiate of Wu Jian.
             Mangled by a two-headed ogre
             ... wielding a +0 giant spiked club
              (35 damage)
             ... on level 8 of the Dungeon.
             The game lasted 00:13:26 (6704 turns).

Dirtsage the Grappler (Octopode Shapeshifter)       Turns: 6704, Time: 00:13:27

Health: -6/69      AC:  1    Str: 27    XL:     10   Next: 29%
Magic:  10/10      EV: 13    Int: 13    God:    Wu Jian [......]
Gold:   197        SH:  0    Dex: 14    Spells: 9/9 levels left

rFire   . .          .
                       - Unarmed
rCold   . . .        (no shield)
rNeg    + . .        (helmet currently unavailable)
rPois   .            x - amulet of regeneration
rElec   .            f - +6 ring of strength
rCorr   .            r - +6 ring of strength
SInv    .            N - ring of positive energy
Will    .....        (no ring)
Stlth   ++           (no ring)
HPRegen 1.11/turn    (no ring)
MPRegen 0.12/turn    (no ring)
                     (no ring)

%: no passive effects
@: beast-form
A: beast (slay +4), almost no armour, amphibious, 8 rings, camouflage 1,
gelatinous body 1, (nimble swimmer 1), tentacles
a: Begin Untransformation, Renounce Religion


You were on level 8 of the Dungeon.
You worshipped Wu Jian.
Wu Jian was noncommittal.
You were a hulking beast.
You visited 2 branches of the dungeon, and saw 9 of its levels.

You collected 395 gold pieces.
You spent 198 gold pieces at shops.

Inventory:

Missiles
 k - 3 throwing nets
Jewellery
 f - a +6 ring of strength (left tentacle)
 r - a +6 ring of strength (right tentacle)
 x - an amulet of regeneration (around mantle)
 B - an amulet of reflection
 N - a ring of positive energy (on tentacle)
Talismans
 b - a beast talisman (active)
 c - a flux talisman
Wands
 o - a wand of light (1)
 w - a wand of polymorph (13)
 y - a wand of roots (20)
 C - a wand of charming (21)
Scrolls
 e - 2 scrolls of revelation {unknown}
 g - 6 scrolls of blinking {unknown}
 h - 3 scrolls of enchant weapon {unknown}
 i - 2 scrolls of identify
 j - a scroll of noise {unknown}
 m - a scroll of vulnerability {unknown}
 p - 5 scrolls of immolation
 t - 2 scrolls of silence
 u - 2 scrolls of enchant armour {unknown}
 D - a scroll of fog {unknown}
Potions
 a - 2 potions of lignification
 d - a potion of might
 l - 2 potions of heal wounds
 n - a potion of resistance
 q - 4 potions of curing
 s - 2 potions of cancellation {unknown}
 v - a potion of haste {unknown}
 z - 4 potions of attraction


   Skills:
 + Level 6.5 Fighting
 - Level 2.0 Dodging
 * Level 9.8 Unarmed Combat
 * Level 9.1 Shapeshifting


You had 9 spell levels left.
You didn't know any spells.
Your spell library contained the following spells:

 Spells                   Type           Power      Damage    Failure   Level
 Kiss of Death            Conj/Necr      0%         2d5       30%         1
 Shock                    Conj/Air       0%         1d3       30%         1
 Summon Small Mammal      Summ           0%         N/A       30%         1
 Ensorcelled Hibernation  Hex/Ice        0%         N/A       43%         2
 Jinxbite                 Hex            0%         N/A       43%         2
 Call Canine Familiar     Summ           0%         N/A       67%         3
 Confusing Touch          Hex            0%         N/A       67%         3
 Gell's Gravitas          Tloc           0%         N/A       67%         3
 Summon Guardian Golem    Hex/Summ       0%         N/A       67%         3
 Swiftness                Air            0%         N/A       67%         3
 Teleport Other           Tloc           0%         N/A       67%         3
 Airstrike                Air            0%         2d(0-16)  97%         4
 Anguish                  Hex/Necr       0%         N/A       97%         4
 Dispel Undead            Necr           0%         3d6       97%         4
 Dispersal                Tloc           0%         N/A       100%        6


Dungeon Overview and Level Annotations

Branches:
Dungeon (8/15)             Temple (1/1) D:7            Lair (0/5) D:8

Altars:
Ashenzari
Cheibriados
Dithmenos
Elyvilon
Fedhas
Gozag
Hepliaklqana
Kikubaaqudgha
Makhleb
Nemelex Xobeh
Okawaru
Qazlal
Ru
Sif Muna
Trog
Uskayaw
Vehumet
Wu Jian
Xom
Yredelemnul
Zin
The Shining One

Shops:
D:2 !   D:5 :   D:7 [!   D:8 *

Annotations:
Temple 2 transporters


Innate Abilities, Weirdness & Mutations

You are a hulking beast.
Your limbs bulge with bestial killing power. (Slay +4)
You cannot wear most types of armour.
You are amphibious.
You can wear up to eight rings at the same time.
Your skin changes colour to match your surroundings (Stealth+).
Your rubbery body absorbs attacks. (AC +1, EV +1)
((You are camouflaged when in or above water. (Stealth+)))
You have tentacles for arms and can constrict up to eight enemies at once.


Message History

The sky beast hits you. The sky beast shocks you.
You take 7 damage, and have 62/69 hp.
You bludgeon the sky beast! Your squeeze misses the sky beast.
The sky beast is heavily wounded.
A two-headed ogre comes into view.
It is wielding a +0 giant spiked club and a +0 giant club.
The sky beast flickers out of sight!
Deactivating autopickup; reactivate with Ctrl-A.
Something hits you. Something shocks you.
You take 7 damage, and have 55/69 hp.
You tentacle-slap something. Something hits you. Something shocks you.
You take 9 damage, and have 46/69 hp.
You miss something.
Your tentacle-slap misses something.
You tentacle-slap something. Your squeeze misses something. Something hits you.
Something shocks you.
You take 5 damage, and have 41/69 hp.
You barely miss something.
A sky beast appears from thin air!
Reactivating autopickup.
The sky beast closely misses you.
Aiming: Bolt of Light
Press: ? - help, Shift-Dir - straight line, f - two-headed ogre
Aim: a two-headed ogre, wielding a +0 giant spiked club and a +0 giant club (86% to hit)
The bolt of light hits the sky beast!
You kill the sky beast!
The Council accepts your kill.
The bolt of light hits the two-headed ogre!
The two-headed ogre is moderately wounded.
The two-headed ogre is blinded.
You bludgeon the two-headed ogre!
Your squeeze misses the two-headed ogre.
The two-headed ogre is heavily wounded.
The two-headed ogre closely misses you.
The two-headed ogre hits you with a +0 giant club!
You take 16 damage, and have 27/69 hp.
MASSIVE DAMAGE!!
You barely miss the two-headed ogre. You squeeze the two-headed ogre.
The two-headed ogre is heavily wounded.
You tentacle-slap the two-headed ogre. You squeeze the two-headed ogre!
The two-headed ogre is severely wounded.
The two-headed ogre hits you with a +0 giant spiked club!!
Ouch! That really hurt!
You die...

#.. ... ..> #.# #.#
#.# . ##O## .##
##.h.## ..# ##.....##
### #.# #.......##
##.###.#
#.........####...##.##
+........†'...........
#.........####...##.##
##.......## ##.#.....
##.....## ###.#.##
##...## #...#.#


You could see a two-headed ogre (blind).

Vanquished Creatures
  Jeremiah (D:8)
  Grinder (D:4)
  Sigmund (D:4)
  2 wyverns (D:8)
  Menkaure (D:4)
  3 water moccasins
  2 black bears (D:6)
  An orc warrior (D:7)
  4 sky beasts
  An ice beast (D:6)
  A phantom (D:6)
  A kobold brigand (D:7)
  3 bullfrogs
  5 scorpions
  8 wights
  3 howler monkeys
  4 gnoll boudas
  2 orc priests (D:8)
  5 hounds
  3 jellies
  A sleepcap (D:4)
  3 iguanas
  3 orc wizards
  17 gnolls
  6 adders
  A white imp (D:8)
  3 ufetubi
  A worm (D:4)
  2 dart slugs
  21 orcs
  6 endoplasms
  3 giant cockroaches
  4 goblins
  8 hobgoblins
  9 jackals
  4 quokkas
  9 ball pythons
  A bat (D:1)
  2 frilled lizards (D:1)
  9 kobolds
  A rat (D:1)
166 creatures vanquished.

Notes
Turn   | Place    | Note
-------+----------+-------------------------------------------
     0 | D:1      | Dirtsage the Octopode Shapeshifter began the quest for the
                  | Orb.
     0 | D:1      | Reached XP level 1. HP: 13/13 MP: 1/1
    52 | D:1      | Reached XP level 2. HP: 15/18 MP: 2/2
   344 | D:1      | Reached XP level 3. HP: 23/23 MP: 3/3
  1099 | D:2      | Found Deugaann's Distillery.
  1104 | D:2      | Bought a potion of curing for 42 gold pieces
  1243 | D:2      | Found a faded altar of an unknown god.
  2213 | D:3      | Reached XP level 4. HP: 29/29 MP: 4/4
  2703 | D:4      | Reached XP level 5. HP: 15/34 MP: 5/5
  2906 | D:4      | Noticed Sigmund
  2917 | D:4      | Killed Sigmund
  2918 | D:4      | Reached skill level 5 in Unarmed Combat
  2918 | D:4      | Reached XP level 6. HP: 25/41 MP: 6/6
  3081 | D:4      | Noticed Grinder
  3085 | D:4      | Killed Grinder
  3086 | D:4      | Reached skill level 5 in Shapeshifting
  3086 | D:4      | Reached XP level 7. HP: 46/46 MP: 7/7
  3202 | D:4      | Noticed Menkaure
  3208 | D:4      | Killed Menkaure
  3377 | D:5      | Entered Level 5 of the Dungeon
  3469 | D:5      | Found Acvofi's Self-Improvement Boutique.
  3681 | D:5      | Reached XP level 8. HP: 50/54 MP: 8/8
  3885 | D:5      | Found a hide-covered altar of Uskayaw.
  4624 | D:6      | Found a sparkling altar of Nemelex Xobeh.
  4725 | D:6      | Reached XP level 9. HP: 21/60 MP: 9/9
  4902 | D:6      | Reached skill level 5 in Fighting
  5436 | D:7      | Found Anad's Distillery.
  5445 | D:7      | Bought a potion of attraction for 39 gold pieces
  5445 | D:7      | Bought a potion of curing for 39 gold pieces
  5445 | D:7      | Bought a potion of curing for 39 gold pieces
  5445 | D:7      | Bought a potion of curing for 39 gold pieces
  5465 | D:7      | Found Saodoawk's Armour Shoppe.
  5549 | D:7      | Found a radiant altar of Vehumet.
  5733 | D:7      | Found a staircase to the Ecumenical Temple.
  5739 | Temple   | Found a transporter.
  5739 | Temple   | Found a transporter.
  5739 | Temple   | Found a transporter.
  5739 | Temple   | Found a transporter.
  5739 | Temple   | Entered the Ecumenical Temple
  5760 | Temple   | Became a worshipper of the Wu Jian Council
  6038 | D:8      | Found Geprihet's Demolitions Depot.
  6127 | D:8      | Found a shadowy altar of Dithmenos.
  6158 | D:8      | Found a snail-covered altar of Cheibriados.
  6325 | D:8      | Reached XP level 10. HP: 64/68 MP: 10/10
  6335 | D:8      | Found a staircase to the Lair.
  6511 | D:8      | Noticed Jeremiah
  6517 | D:8      | Killed Jeremiah
  6696 | D:8      | Noticed a two-headed ogre
  6704 | D:8      | Mangled by a two-headed ogre

Illustrated notes

Levels and vault maps discovered:
D:1:      dpeg_arrival_rooms_c, layout_basic
D:2:      layout_loops_corners, serial_shops, shop,
          hellmonk_ecumenical_altar_blasted, columned_hall_lemuel
D:3:      layout_loops_corners, serial_aquarium, aquarium_bridge_straight
          [aquarium_subvault_bridge, aquarium_subvault_wall,
          aquarium_subvault_bridge, aquarium_subvault_window],
          aquarium_bridge_long_joined [aquarium_subvault_wall,
          aquarium_subvault_balcony, aquarium_subvault_bridge,
          aquarium_subvault_balcony, aquarium_subvault_balcony,
          aquarium_subvault_bridge], aquarium_window_corner, aquarium_window_2,
          aquarium_view_2e, serial_bayou_crossing
D:4:      layout_basic, uniq_menkaure, uniq_sigmund, uniq_grinder
D:5:      layout_basic, mainiacjoe_overflow_cross_hatched,
          nicolae_shop_self_help
D:6:      layout_basic, nemelex_spade_bored_becter, minmay_puff
D:7:      layout_basic, mainiacjoe_overflow_alcove_4, temple_green,
          serial_shops, shop, shop, minmay_misc_feat_chi, hex_tiny
D:8:      layout_loops_corners, mainiacjoe_overflow_large_starburst,
          dpeg_oklobed_lair, nicolae_blasting_shop, uniq_jeremiah
Temple:   hellmonk_temple_divided_pantheon

Skill      XL: |  1  2  3  4  5  6  7  8  9 10 |
---------------+-------------------------------+-----
Fighting       | 2 3 4 6 |  6.5
Unarmed Combat | 4 5 6 7 9 |  9.8
Shapeshifting  | 4 5 7 8 9 |  9.1
Dodging        | |  2.0

Action                     |  1- 3 |  4- 6 |  7- 9 | 10-12 || total
---------------------------+-------+-------+-------+-------++-------
  Melee: Unarmed           |    66 |    28 |   189 |    35 ||   318
         Constrict         |    19 |     9 |    55 |     7 ||    90
         Tentacles         |    15 |     7 |    45 |    10 ||    77
         Punch             |     2 |     2 |    13 |     2 ||    19
  Throw: Throwing net      |       |       |       |     1 ||     1
Ability: Lunge             |       |       |     4 |     7 ||    11
  Evoke: Wand              |       |     2 |     1 |     5 ||     8
    Use: Scroll            |     3 |     1 |     1 |       ||     5
   Stab: Sleeping          |     8 |     1 |     8 |     1 ||    18
         Invisible         |       |     2 |       |       ||     2
 Armour: Skin              |    19 |    11 |    92 |    14 ||   136
  Dodge: Dodged            |    38 |    18 |    64 |     9 ||   129

Table legend: (Time is in decaauts)
 A = Elapsed time spent in this place.
 B = Non-inter-level travel time spent in this place.
 C = Inter-level travel time spent in this place.
 D = Time resting spent in this place.
 E = Time spent auto-exploring this place.
 F = Levels seen in this place.
 G = Mean time per level.
                   A        B        C        D        E       F      G
               +--------+--------+--------+--------+--------+-----+--------+
         Total |   6661 |   6492 |    169 |    169 |   5310 |   9 |  740.1 |
       Dungeon |   6616 |   6456 |    160 |    169 |   5310 |   8 |  827.0 |
        Temple |     44 |     35 |      9 |      0 |      0 |   1 |   44.0 |
               +--------+--------+--------+--------+--------+-----+--------+

Top non-repeatable levels by time:
     D:6: 1157 daAuts
     D:2: 928 daAuts
     D:1: 892 daAuts
     D:3: 857 daAuts
     D:5: 854 daAuts
     D:4: 687 daAuts
     D:8: 666 daAuts
     D:7: 570 daAuts
  Temple: 44 daAuts
